 Dungeon Crawl Stone Soup version 0.21-a0-404-g291f19a (webtiles) character file.

52 keltmir the Changer (level 3, 0/28 HPs)
             Began as a Draconian Transmuter on Oct 29, 2017.
             Was an Initiate of Ru.
             Succumbed to tof's ghost's poison
             ... on level 3 of the Dungeon on Mar 19, 2018.
             The game lasted 00:08:15 (2159 turns).

keltmir the Changer (Draconian Transmuter)          Turns: 2159, Time: 00:08:16

Health: 0/28       AC:  5    Str: 12    XL:     3   Next: 60%
Magic:  3/6        EV: 12    Int: 14    God:    Ru [......]
Gold:   59         SH:  0    Dex: 11    Spells: 2/6 levels left

rFire    . . .     SeeInvis .     - Unarmed
rCold    . . .     Gourm    .   (no shield)
rNeg     . . .     Faith    .   (armour unavailable)
rPois    .         Spirit   .   (helmet restricted)
rElec    .         Reflect  .   (no cloak)
rCorr    .         Harm     .   (no gloves)
MR       .....                  (no boots)
Stlth    +.........             (no amulet)
HPRegen  0.09/turn              (no ring)
MPRegen  0.10/turn              (no ring)

@: lethally poisoned (0 -> -18), very slightly contaminated
A: unfitting armour, cold-blooded, AC +5
a: Renounce Religion


You were on level 3 of the Dungeon.
You worshipped Ru.
Ru was noncommittal.
You were hungry.

You visited 1 branch of the dungeon, and saw 4 of its levels.

You collected 59 gold pieces.

Inventory:

Missiles
 a - 38 arrows
Jewellery
 h - a +4 amulet of reflection {unknown}
 n - a +3 amulet of reflection {unknown}
Scrolls
 d - a scroll of remove curse
 m - a scroll of amnesia {unknown}
 r - a scroll of identify
Potions
 e - a potion of lignification {unknown}
 g - 2 potions of flight
 j - a potion of mutation {unknown}
 k - a potion of curing {unknown}
 l - a potion of degeneration {unknown}
 o - a potion of invisibility {unknown}
 q - a potion of berserk rage {unknown}
 s - a potion of magic {unknown}
 t - a potion of brilliance {unknown}
Books
 b - a book of Changes

   Spells                             Type                      Level
   a - Beastly Appendage              Transmutation                1
   b - Sticks to Snakes               Transmutation                2
   c - Spider Form                    Transmutation/Poison         3
   d - Ice Form                       Ice/Transmutation            4
   e - Blade Hands                    Transmutation                5
Comestibles
 c - 2 bread rations
 f - a fruit
 i - a meat ration
 p - 3 royal jellies


   Skills:
 - Level 1.1 Fighting
 - Level 1.7 Dodging
 - Level 3.0 Unarmed Combat
 - Level 2.0 Spellcasting
 * Level 4.0 Transmutations


You had 2 spell levels left.
You knew the following spells:

 Your Spells              Type           Power        Failure   Level  Hunger
a - Beastly Appendage     Tmut           ##....       4%          1    ##.....
b - Spider Form           Tmut/Pois      #.........   30%         3    ####...


Dungeon Overview and Level Annotations

Branches:
Dungeon (4/15)
 Temple: D:4-7

Altars:
Gozag
Ru

Annotations:
D:3 tof's ghost, amateur MiBe


Innate Abilities, Weirdness & Mutations

Your plain brown scales are hard. (AC +5)
You cannot fit into any form of body armour.
You are cold-blooded and may be slowed by cold attacks.


Message History

You feel sick.
Save game and exit?
Level annotation: tof's ghost, amateur MiBe Welcome back, keltmir the Draconian Transmuter.
Ru says: Sacrifice that you might gain great power!
Press ? for a list of commands and other information.
Cast which spell? (? or * to list)
Okay, then.
Cast which spell? (? or * to list)
You miscast Spider Form.
You are very lightly contaminated with residual magic.
Waves of light ripple over your body.
You are feeling hungry.
Tof's ghost shouts, "I was like you once."
Tof's ghost hits you!
* * * LOW HITPOINT WARNING * * *
You are more poisoned.
* * * LOW HITPOINT WARNING * * *
You feel sick.
You die...

###########.#.#
#..............
#.####.........
#......##.##...
#.#######.##...
#.# #.###.#
#.## #.# #.#
#######.># #.#
#.# #...@.W..#
#.# #.#
#.######.# #.#
#.# #.# #.# ...
#.# #.# #.# ...
#.# #.# #.# . .
.# ##


You could see tof's ghost.

Vanquished Creatures
  2 adders (D:2)
  A leopard gecko (D:2)
  6 giant cockroaches
  5 goblins
  3 hobgoblins
  4 kobolds
  2 quokkas
  2 frilled lizards
  6 rats
31 creatures vanquished.

Notes
Turn   | Place    | Note
-------+----------+-------------------------------------------
     0 | D:1      | keltmir the Draconian Transmuter began the quest for the Orb.
     0 | D:1      | Reached XP level 1. HP: 16/16 MP: 3/3
   599 | D:1      | Reached XP level 2. HP: 23/23 MP: 5/5
   933 | D:2      | Reached skill level 3 in Transmutations
  1232 | D:2      | Reached XP level 3. HP: 12/28 MP: 4/6
  1237 | D:2      | Learned a level 3 spell: Spider Form
  1460 | D:2      | Found a faded altar of an unknown god.
  1592 | D:2      | Found a sacrificial altar of Ru.
  1601 | D:2      | Became a worshipper of Ru the Awakened
  1661 | D:2      | Reached skill level 4 in Transmutations
  1675 | D:2      | Found an opulent altar of Gozag.
  2140 | D:3      | Noticed tof's ghost (amateur MiBe)
  2146 | D:4      | Noticed a scorpion
  2158 | D:3      | HP: 1/28 [poisoned by tof's ghost]
  2159 | D:3      | Succumbed to tof's ghost's poison

Vault maps used:
D:1:      dpeg_arrival_water_temple_mockup, minmay_misc_feat_plants,
          columned_hall_lemuel
D:2:      nicolae_ru_path_of_blood, chequers_ecumenical_altar_twisty,
          grunt_gozag_statues
D:3:      marbit_many_paths
D:4:      kennysheep_little_box, serial_forest, infiniplex_forest_end_1,
          infiniplex_forest_clump_long, infiniplex_forest_zigzag_1,
          infiniplex_forest_clump_long, infiniplex_forest_side_room,
          grunt_ministairs_8, trog_hazing_becter

Skill      XL: |  1  2  3 |
---------------+----------+-----
Transmutations | 3 4 |  4.0
Fighting       | |  1.1
Dodging        | |  1.7
Unarmed Combat | |  3.0
Spellcasting   | |  2.0

Action                   || total
-------------------------++-------
Melee: Unarmed           ||   130
       Tailslap          ||    11
       Kick              ||     1
       Headbutt          ||     2
       Punch             ||     1
 Cast: Beastly Appendage ||     4
       Spider Form       ||     1
  Use: Scroll            ||     6
 Stab: Sleeping          ||     1
  Eat: Chunk             ||     4
Armor: Skin              ||    27
Dodge: Dodged            ||    85

Table legend:
 A = Spawn XP
 B = Non-spawn XP
 C = Spawn XP percentage of total XP
 D = Spawn monster count
 E = Non-spawn monster count
 F = Spawn count percentage of total count
 G = Total turns spent on level
                    A         B        C        D         E        F      G
               +---------+---------+-------+---------+---------+-------+---------
         Total |       0 |      75 |   0.0 |       0 |      31 |   0.0 |  2159
               +---------+---------+-------+---------+---------+-------+---------
           D:1 |       0 |      17 |   0.0 |       0 |      10 |   0.0 |   914
           D:2 |       0 |      52 |   0.0 |       0 |      17 |   0.0 |   961
           D:3 |       0 |       6 |   0.0 |       0 |       4 |   0.0 |   279
               +---------+---------+-------+---------+---------+-------+---------
